 Dungeon Crawl Stone Soup version 0.27-a0-1144-g0b7d3b79db (webtiles) character file.

Game seed: 12675162286169873523

1146 rjrrt the Cleaver (level 8, -8/58 HPs)
             Began as a Demonspawn Berserker on May 10, 2021.
             Was an Elder of Trog.
             Mangled by an orc warrior
             ... wielding a +0 flail
              (11 damage)
             ... on level 4 of the Dungeon.
             The game lasted 00:07:22 (5023 turns).

rjrrt the Cleaver (Demonspawn Berserker)            Turns: 5023, Time: 00:07:22

Health: -8/58      AC: 11    Str: 20    XL:     8   Next: 15%
Magic:  8/8        EV:  8    Int:  9    God:    Trog [****..]
Gold:   159        SH:  0    Dex: 12    Spells: 7/7 levels left

rFire    . . .     SeeInvis .   a - +0 hand axe
rCold    . . .     Faith    +   (no shield)
rNeg     . . .     Spirit   .   m - +0 chain mail
rPois    .         Reflect  .   (no helmet)
rElec    .         Harm     .   (no cloak)
rCorr    .         Rampage  .   (no gloves)
Will     .....                  h - +0 pair of boots
Stlth    ..........             f - amulet of faith
HPRegen  0.19/turn              b - +4 ring of slaying
MPRegen  0.11/turn              (no ring)

@: lethally poisoned (-8 -> -11), on berserk cooldown, slowed, very slow
A: hooves 2, yellow scales 1, ignite blood 1
a: Renounce Religion, Berserk, Trog's Hand, Brothers in Arms


You were on level 4 of the Dungeon.
You worshipped Trog.
Trog was greatly pleased with you.
You visited 1 branch of the dungeon, and saw 5 of its levels.

You collected 159 gold pieces.

Inventory:

Hand Weapons
 a - a +0 hand axe (weapon)
 d - a +0 spear
 k - a +2 flail of draining
 q - a +0 trident
Missiles
 n - 2 throwing nets
Armour
 h - a +0 pair of boots (worn)
 m - a +0 chain mail (worn)
Jewellery
 b - a +4 ring of slaying (left hand)
 c - a ring of fire
 f - an amulet of faith (around neck)
Wands
 r - a wand of paralysis (3)
Scrolls
 g - a scroll of teleportation
Potions
 e - a potion of invisibility
 i - a potion of haste
 j - a potion of flight {unknown}
 l - a potion of might
 o - a potion of lignification
 p - 2 potions of mutation


   Skills:
 + Level 3.3 Fighting
 + Level 9.1 Axes
 + Level 2.2 Armour
 - Level 1.7 Dodging


You had 7 spell levels left.
You didn't know any spells.
Your spell library was empty.

Dungeon Overview and Level Annotations

Branches:
Dungeon (5/15)
 Temple: D:4-7

Altars:

Annotations:
D:5 Eustachio


Innate Abilities, Weirdness & Mutations

You have hoof-like feet.
You are partially covered in yellow scales. (AC +2)
Your demonic aura sometimes causes spilled blood to erupt in flames.


Message History

The adder closely misses you.
You feel very sick.
There is a stone staircase leading up, spattered with blood here.
You feel a strong urge to attack something.
You feel sick.
You climb upwards.
You feel very sick.
There is a stone staircase leading down here.
Unknown command.
You hit the orc warrior but do no damage.
The orc warrior is moderately wounded.
You are no longer berserk.
You are exhausted.
You feel yourself slow down.
You feel sick.
The orc warrior hits you with a +0 flail.
Unknown command.
You hit the orc warrior but do no damage.
The orc warrior is moderately wounded.
You feel very sick. The orc warrior closely misses you.
Unknown command.
You barely miss the orc warrior.
The orc warrior is moderately wounded.
You feel sick.
The orc warrior hits you with a +0 flail.
* * * LOW HITPOINT WARNING * * *
The orc warrior hits you but does no damage.
Unknown command.
You hit the orc warrior but do no damage.
The orc warrior is moderately wounded.
You feel sick.
The orc warrior hits you with a +0 flail!
* * * LOW HITPOINT WARNING * * *
Unknown command.
You hit the orc warrior but do no damage.
The orc warrior is moderately wounded.
* * * LOW HITPOINT WARNING * * *
You feel sick.
The orc warrior hits you with a +0 flail!
You die...

.....#.........#.###<#.........♣.
.....#.........#.....').....♣..♣.
.....#.........#.##..#.....##.###
.....#.........#.##..#.....##.# #
.....#...........##..#........# #
.....#...............#.......## #
..####...........##.##.......# #
..# #:........o.##.##.......# #
..# #.........#@##.##.......# #
..# #.........#.##.##.......# #
### ###########.##.##.......# #
#.............# # #.......###...#
# ####.#### #...# # #.# #...# #
#.# #...# #.# #####


You could see an orc warrior.

Vanquished Creatures
  Pikel (D:4)
  A water moccasin (D:5)
  2 lemures (D:4)
  A centaur zombie (D:2)
  2 hounds (D:4)
  4 orc priests
  Natasha (thrice) (D:2)
  5 orc wizards
  2 hound skeletons
  A howler monkey skeleton (D:2)
  2 adders
  A worm (D:3)
  A dart slug (D:4)
  15 orcs
  4 bats
  13 endoplasms
  A giant cockroach (D:4)
  11 hobgoblins
  12 jackals
  5 quokkas
  5 ball pythons
  4 frilled lizards
  7 goblins
  9 kobolds
  6 rats
118 creatures vanquished.

Vanquished Creatures (others)
  A hound skeleton (D:5)
  2 orcs (D:5)
  9 plants
12 creatures vanquished.

Grand Total: 130 creatures vanquished

Notes
Turn   | Place    | Note
-------+----------+-------------------------------------------
     0 | D:1      | rjrrt the Demonspawn Berserker began the quest for the Orb.
     0 | D:1      | Reached XP level 1. HP: 18/18 MP: 1/1
   223 | D:1      | Reached skill level 3 in Axes
   247 | D:1      | Gained mutation: You have large cloven feet. [demonic
                  | ancestry]
   247 | D:1      | Reached XP level 2. HP: 14/24 MP: 2/2
   748 | D:1      | Reached ** piety under Trog
   867 | D:1      | Found a faded altar of an unknown god.
  1051 | D:1      | Gained mutation: Your demonic aura sometimes causes spilled
                  | blood to erupt in flames. [demonic ancestry]
  1051 | D:1      | Reached XP level 3. HP: 29/29 MP: 3/3
  1464 | D:2      | Reached skill level 4 in Axes
  1608 | D:2      | Reached XP level 4. HP: 19/35 MP: 4/4
  1763 | D:2      | Noticed Natasha
  1776 | D:2      | Killed Natasha
  1788 | D:2      | Noticed Natasha
  2024 | D:2      | Killed Natasha
  2025 | D:2      | Reached skill level 5 in Axes
  2124 | D:2      | Noticed Natasha
  2137 | D:2      | Killed Natasha
  2138 | D:2      | Reached XP level 5. HP: 16/41 MP: 5/5
  3068 | D:3      | Reached *** piety under Trog
  3114 | D:3      | Reached skill level 6 in Axes
  3442 | D:3      | Reached XP level 6. HP: 47/47 MP: 6/6
  4142 | D:4      | Reached **** piety under Trog
  4151 | D:4      | Reached skill level 7 in Axes
  4439 | D:4      | Noticed Pikel
  4482 | D:4      | Killed Pikel
  4483 | D:4      | Reached skill level 8 in Axes
  4483 | D:4      | Gained mutation: You are partially covered in yellow
                  | scales. (AC +2) [demonic ancestry]
  4483 | D:4      | Reached XP level 7. HP: 43/52 MP: 7/7
  4733 | D:4      | Reached skill level 9 in Axes
  4733 | D:4      | Gained mutation: You have hoof-like feet. [demonic
                  | ancestry]
  4733 | D:4      | Reached XP level 8. HP: 58/58 MP: 8/8
  4936 | D:5      | Entered Level 5 of the Dungeon
  4948 | D:5      | Noticed Eustachio
  5023 | D:4      | Mangled by an orc warrior

Illustrated notes

Levels and vault maps discovered:
D:1:      eino_arrival_water_star, layout_loops_ring,
          hellmonk_ecumenical_altar_heavens_door, serial_bayou,
          serial_bayou_lagoon_b, serial_bayou_shore_a, serial_bayou_pond_b,
          serial_bayou_ford_a, chequers_serial_rivers_room_b,
          nrook_mini_backslash, minmay_ruptured
D:2:      layout_rooms, uniq_natasha
D:3:      layout_loops_cross
D:4:      layout_basic, serial_bayou_pond_a, uniq_pikel
D:5:      layout_basic, minmay_temple_entry_junction, minmay_hedge_maze,
          lemuel_flame_loot_1, uniq_menkaure, uniq_eustachio

Skill      XL: |  1  2  3  4  5  6  7  8 |
---------------+-------------------------+-----
Axes           | 3 4 5 6 8 9 |  9.1
Armour         | 2 |  2.2
Fighting       | |  3.3
Dodging        | |  1.7

Action                   |  1- 3 |  4- 6 |  7- 9 || total
-------------------------+-------+-------+-------++-------
Melee: Hand axe          |    92 |   192 |    36 ||   320
       Kick              |    11 |       |       ||    11
Invok: Berserk           |     2 |     7 |     1 ||    10
  Use: Scroll            |       |     6 |       ||     6
Armor: Animal skin       |    24 |    17 |       ||    41
       Chain mail        |       |    63 |    25 ||    88
Dodge: Dodged            |    75 |    75 |    18 ||   168

Table legend: (Time is in decaauts)
 A = Elapsed time spent in this place.
 B = Non-inter-level travel time spent in this place.
 C = Inter-level travel time spent in this place.
 D = Time resting spent in this place.
 E = Time spent auto-exploring this place.
 F = Levels seen in this place.
 G = Mean time per level.
                   A        B        C        D        E       F      G
               +--------+--------+--------+--------+--------+-----+--------+
         Total |   5150 |   4989 |    161 |   1042 |   3014 |   5 | 1030.0 |
       Dungeon |   5150 |   4989 |    161 |   1042 |   3014 |   5 | 1030.0 |
               +--------+--------+--------+--------+--------+-----+--------+

Top non-repeatable levels by time:
     D:1: 1755 daAuts
     D:2: 1262 daAuts
     D:4: 1174 daAuts
     D:3: 918 daAuts
     D:5: 38 daAuts
